 Dungeon Crawl Stone Soup version 0.20-a0-1073-g49e0d3e (webtiles) character file.

13 Rrauwl the Vexing (level 2, 0/23 HPs)
             Began as a Ghoul Arcane Marksman on Apr 29, 2017.
             Slain by a jackal (1 damage)
             ... on level 1 of the Dungeon.
             The game lasted 00:01:29 (249 turns).

Rrauwl the Vexing (Ghoul Arcane Marksman)            Turns: 249, Time: 00:01:29

Health: 0/23       AC:  2    Str: 13    XL:     2   Next: 37%
Magic:  2/2        EV: 12    Int:  8    God:
Gold:   17         SH:  0    Dex:  9    Spells: 2/3 levels left

rFire    . . .     SeeInvis .   a - +0 hand crossbow
rCold    + . .     Gourm    .   (no shield)
rNeg     + + +     Faith    .   e - +0 robe
rPois    ∞         Spirit   .   (no helmet)
rElec    .         Reflect  .   (no cloak)
rCorr    .         Harm     .   (no gloves)
MR       .....                  (no boots)
Stlth    +.........             (no amulet)
Regen    0.0/turn               (no ring)
MPRegen  0.1/turn               (no ring)

@: flying, rotting
A: rotting body, claws 1, carnivore 3, cold resistance 1, negative energy
resistance 3, inhibited regeneration, torment resistance, unbreathing
a: no special abilities


You were on level 1 of the Dungeon.
You were not hungry.

You visited 1 branch of the dungeon, and saw 1 of its levels.

You collected 17 gold pieces.

Inventory:

Hand Weapons
 a - a +0 hand crossbow (weapon)
Missiles
 d - 24 bolts (quivered)
Armour
 e - a +0 robe (worn)
Scrolls
 g - a scroll of teleportation {unknown}
 i - a scroll of enchant armour {unknown}
Books
 c - a book of Debilitation

   Spells                             Type                      Level
   a - Corona                         Hexes                        1
   b - Slow                           Hexes                        2
   c - Inner Flame                    Hexes/Fire                   3
   d - Portal Projectile              Hexes/Translocation          3
   e - Cause Fear                     Hexes                        4
   f - Leda's Liquefaction            Hexes/Earth                  4
Comestibles
 f - a meat ration


   Skills:
 + Level 1.4 Fighting
 + Level 1.8 Crossbows
 + Level 0.6 Armour
 - Level 2.0 Dodging
 - Level 1.0 Spellcasting
 + Level 2.6 Hexes


You had 2 spell levels left.
You knew the following spells:

 Your Spells              Type           Power        Failure   Level  Hunger
a - Corona                Hex            #......      14%         1    ##.....


Dungeon Overview and Level Annotations

Branches:
Dungeon (1/15)

Altars:


Innate Abilities, Weirdness & Mutations

Your body is rotting away.
You thrive on raw meat.
You are immune to poison.
You have sharp fingernails.
You are carnivorous and can eat meat at any time.
Your flesh is cold resistant. (rC+)
You are immune to negative energy. (rN+++)
You do not regenerate when monsters are visible.
You are immune to unholy pain and torment.
You can survive without breathing.


Message History

The bolt hits the jackal but does no damage.
The jackal is lightly wounded.
The jackal closely misses you.
The jackal bites you but does no damage.
The jackal barely misses you. The jackal bites you.
* * * LOW HITPOINT WARNING * * *
Firing (i - inventory):
d - 26 bolts (quivered)
Press: ? - help, Shift-Dir - straight line, f/p - jackal
Aim: a jackal (lightly wounded)
You shoot a bolt. The bolt closely misses the jackal.
The bolt closely misses the bat.
The jackal closely misses you.
The jackal barely misses you. x2; The jackal misses you.
Firing (i - inventory):
d - 25 bolts (quivered)
Press: ? - help, Shift-Dir - straight line, f/p - jackal
Aim: a jackal (lightly wounded)
You shoot a bolt. The bolt hits the jackal!
You kill the jackal!
The bat hits you but does no damage. The bat barely misses you.
The jackal closely misses you. The jackal bites you.
You die...

.######.................?..
?........................#.
..$.............####.......
................# #.......
................# #.......
................# #.....#.
.........######## #######.
(..((()..######### #.
...(†.$.(b@....... ....
(...(....#h....... ###.
(#########........ #.
#........ #. +........
#........ ## #........ # ≈≈
#(....... #≈.♣≈ #≈♣P≈


You could see a jackal and a bat.

Vanquished Creatures
  A leopard gecko (D:1)
  2 bats (D:1)
  A goblin (D:1)
  A hobgoblin (D:1)
  3 jackals (D:1)
  A frilled lizard (D:1)
  A rat (D:1)
10 creatures vanquished.

Notes
Turn   | Place    | Note
-------+----------+-------------------------------------------
     0 | D:1      | Rrauwl the Ghoul Arcane Marksman began the quest for the Orb.
     0 | D:1      | Reached XP level 1. HP: 16/16 MP: 1/1
   229 | D:1      | Reached XP level 2. HP: 14/23 MP: 2/2
   247 | D:1      | HP: 1/23 [jackal (2)]
   249 | D:1      | Slain by a jackal

Vault maps used:
D:1:      lightli_arrival_farm

Skill      XL: |  1 |
---------------+----+-----
Dodging        | 2 |  2.0
Fighting       | |  1.4
Crossbows      | |  1.8
Armour         | |  0.6
Spellcasting   | |  1.0
Hexes          | |  2.6

Action                   || total
-------------------------++-------
 Fire: Hand crossbow     ||    25
  Use: Potion            ||     1
  Eat: Chunk             ||     2
Armor: Robe              ||    11
Dodge: Dodged            ||    42
